 Dungeon Crawl Stone Soup version 0.30-a0-996-ga6910c8ee8 (webtiles) character file.

Game seed: 2909889664214370036

1043 Lobster4 the Conjurer (level 8, -1/87 HPs)
             Began as a Human Conjurer on Apr 4, 2023.
             Was an Initiate of Vehumet.
             Killed from afar by a white imp (7 damage)
             ... with a puff of frost
             ... on level 7 of the Dungeon.
             The game lasted 00:17:40 (8289 turns).

Lobster4 the Conjurer (Human Conjurer)              Turns: 8289, Time: 00:17:41

Health: -1/87      AC:  3    Str:  8    XL:     8   Next: 49%
Magic:  2/13       EV: 13    Int: 21    God:    Vehumet [......]
Gold:   81         SH:  0    Dex: 11    Spells: 8/14 levels left

rFire   . . .      SeeInvis .    r - +0 short sword
rCold   . . .      Faith    .    (no shield)
rNeg    . . .      Spirit   .    a - +0 robe
rPois   +          Reflect  .    (no helmet)
rElec   .          Rampage  .    (no cloak)
rCorr   .                        h - +0 pair of gloves
Will    .....                    (no boots) Stlth
                                 (no amulet)
HPRegen 0.34/turn                j - ring of poison resistance
MPRegen 0.13/turn                (no ring)

@: berserking (expiring), very quick
A: no striking features
a: Renounce Religion


You were on level 7 of the Dungeon.
You worshipped Vehumet.
Vehumet was noncommittal.
You visited 2 branches of the dungeon, and saw 8 of its levels.
You also visited: Sewer.

You collected 284 gold pieces.
You spent 203 gold pieces at shops.

Inventory:

Hand Weapons
 f - a +0 dagger
 r - a +0 short sword (weapon)
Missiles
 d - 3 poisoned darts (quivered)
 v - 6 boomerangs
Armour
 a - a +0 robe (worn)
 h - a +0 pair of gloves (worn)
 k - a +1 ring mail of positive energy
 u - a +0 leather armour
Magical Staves
 y - a staff of death
Jewellery
 j - a ring of poison resistance (left hand)
Scrolls
 g - 2 scrolls of immolation
 n - 2 scrolls of blinking
 o - a scroll of poison
 q - a scroll of silence {unknown}
 t - 2 scrolls of teleportation
 w - a scroll of fog
 x - 2 scrolls of magic mapping
 z - a scroll of amnesia {unknown}
Potions
 b - a potion of magic
 c - 3 potions of degeneration {unknown}
 e - 2 potions of might {unknown}
 i - 4 potions of curing
 l - 3 potions of brilliance {unknown}
 m - 2 potions of heal wounds {unknown}
 s - a potion of cancellation
 A - 2 potions of mutation
 B - 2 potions of haste {unknown}


   Skills:
 + Level 3.2 Fighting
 - Level 2.0 Short Blades
 - Level 3.0 Throwing
 + Level 3.0 Armour
 + Level 4.0 Dodging
 - Level 3.0 Stealth
 + Level 3.6 Spellcasting
 + Level 5.3 Conjurations
 + Level 1.5 Earth Magic
 + Level 1.1 Evocations


You had 8 spell levels left.
You knew the following spells:

 Your Spells              Type           Power      Damage    Failure   Level
a - Magic Dart            Conj           100%       1d8       1%          1
b - Searing Ray           Conj           52%        2d6       1%          2
c - Stone Arrow           Conj/Erth      36%        3d9       9%          3

Your spell library contained the following spells:

 Spells                   Type           Power      Damage    Failure   Level
 Kiss of Death            Conj/Necr      60%        2d10      4%          1
 Dazzling Flash           Conj/Hex       30%        N/A       12%         3
 Confusing Touch          Hex            3%         N/A       36%         3
 Vhi's Electric Charge    Tloc/Air       6%         N/A       36%         3
 Fulminant Prism          Conj/Hex       7%         3d7       38%         4
 Iskenderun's Mystic Bla  Conj/Tloc      15%        2d5       38%         4
 Animate Armour           Summ/Erth      14%        N/A       65%         4
 Arcjolt                  Conj/Air       7%         1d17      75%         5
 Dispel Undead            Necr           3%         3d7       77%         4
 Manifold Assault         Tloc           3%         N/A       77%         4
 Conjure Ball Lightning   Conj/Air       7%         3x3d6     99%         6
 Dispersal                Tloc           1%         N/A       100%        6
 Discord                  Hex            1%         N/A       100%        8
 Disjunction              Tloc           1%         N/A       100%        8
 Lehudib's Crystal Spear  Conj/Erth      9%         10d4      100%        8
 Maxwell's Capacitive Co  Air            1%         ∞         100%        8


Dungeon Overview and Level Annotations

Branches:
Dungeon (7/15)             Temple (1/1) D:7           Sewer (visited)

Altars:
Ashenzari
Cheibriados
Elyvilon
Fedhas
Gozag
Hepliaklqana
Kikubaaqudgha
Nemelex Xobeh
Okawaru
Ru
Sif Muna
Trog
Vehumet
Wu Jian
Xom
Yredelemnul
Zin
The Shining One

Shops:
D:2 ?

Annotations:
D:6 Duvessa
D:7 exclusion: water moccasin


Message History

The white imp disappears for a moment.
The white imp hits you but does no damage.
You feel better. The white imp gestures at you. The puff of frost hits you!
* * * LOW HITPOINT WARNING * * *
You hit the white imp but do no damage.
The white imp is moderately wounded.
The white imp hits you.
* * * LOW HITPOINT WARNING * * *
The white imp freezes you.
* * * LOW HITPOINT WARNING * * *
A red film seems to cover your vision as you go berserk!
You feel yourself moving faster!
You feel mighty!
The white imp hits you but does no damage.
You closely miss the white imp.
The white imp is moderately wounded.
The white imp hits you but does no damage.
You puncture the white imp!
You kill the white imp!
Vehumet accepts your kill. The white imp hits you.
* * * LOW HITPOINT WARNING * * *
The white imp freezes you.
* * * LOW HITPOINT WARNING * * *
You barely miss the white imp. The white imp gestures at you.
The puff of frost hits you.
* * * LOW HITPOINT WARNING * * *
You closely miss the white imp. You closely miss the white imp.
The white imp hits you but does no damage.
You hit the white imp but do no damage. You closely miss the white imp.
The white imp hits you but does no damage.
You puncture the white imp!
The white imp is severely wounded.
The white imp gestures at you. The puff of frost hits you!
You die...

...######## ...........
.#.. ...#..#..... .. ....
...##....... #. ......#
............ .. .......
.....>.#....##. .)∩.....
.........###... #......
.....##...##..###.......
.######..##....†@5...#
..#####.......#####.##
...............###...##
........##......5..#..###
................#.##.....
................#.........
...(......................
......###.................
.##..####.................


You could see a white imp.

Vanquished Creatures
  2 water moccasins
  A black bear (D:4)
  A kobold brigand (D:5)
  A bullfrog (D:7)
  A hound (D:4)
  A gnoll bouda (D:4)
  An orc priest (D:7)
  5 jellies
  A sleepcap (D:6)
  An iguana (D:4)
  6 adders
  5 gnolls
  A river rat (D:3)
  2 shadow imps
  5 white imps
  5 ufetubi
  3 worms
  4 dart slugs
  8 orcs
  11 endoplasms
  4 giant cockroaches
  9 hobgoblins
  11 jackals
  10 kobolds
  5 quokkas
  9 ball pythons
  5 bats
  3 frilled lizards
  6 goblins
  4 rats
131 creatures vanquished.

Vanquished Creatures (others)
  2 demonic plants (D:7)
2 creatures vanquished.

Grand Total: 133 creatures vanquished

Notes
Turn   | Place    | Note
-------+----------+-------------------------------------------
     0 | D:1      | Lobster4 the Human Conjurer began the quest for the Orb.
     0 | D:1      | Reached XP level 1. HP: 13/13 MP: 3/3
   310 | D:1      | Reached XP level 2. HP: 19/19 MP: 0/5
   313 | D:1      | Learned a level 2 spell: Searing Ray
   744 | D:1      | Reached XP level 3. HP: 25/25 MP: 4/6
  1415 | D:2      | You fall into a shaft and drop 1 floor!
  1568 | D:3      | Reached skill level 1 in Armour
  1592 | D:3      | Reached XP level 4. HP: 28/31 MP: 5/7
  1594 | D:3      | Reached skill level 1 in Fighting
  1594 | D:3      | Reached skill level 1 in Short Blades
  1745 | D:3      | Found a glowing drain.
  1749 | Sewer    | Entered a sewer
  1861 | Sewer    | Noticed a water moccasin
  1894 | Sewer    | Killed a water moccasin
  1895 | Sewer    | Reached skill level 1 in Throwing
  1895 | Sewer    | Reached XP level 5. HP: 15/37 MP: 0/8
  2506 | D:3      | Reached XP level 6. HP: 43/43 MP: 5/9
  3158 | D:2      | Found Siug's Magic Scroll Shop.
  3200 | D:2      | Bought a scroll of teleportation for 33 gold pieces
  4277 | D:2      | Bought a scroll of blinking for 82 gold pieces
  4795 | D:4      | Noticed a black bear
  4810 | D:4      | Killed a black bear
  4811 | D:4      | Reached XP level 7. HP: 50/50 MP: 7/11
  5156 | D:4      | Found an iron altar of Okawaru.
  5378 | D:5      | Entered Level 5 of the Dungeon
  5749 | D:5      | Noticed a yak
  5812 | D:5      | Reached skill level 5 in Conjurations
  6099 | D:5      | Noticed a yak
  6100 | D:5      | Noticed a yak
  6341 | D:2      | Bought a scroll of immolation for 44 gold pieces
  6341 | D:2      | Bought a scroll of vulnerability for 44 gold pieces
  6536 | D:5      | Learned a level 3 spell: Stone Arrow
  6542 | D:6      | Noticed Duvessa
  6546 | D:5      | Noticed a yak
  6546 | D:5      | Noticed a yak
  7147 | D:6      | Reached XP level 8. HP: 56/57 MP: 3/13
  7509 | D:7      | Found a staircase to the Ecumenical Temple.
  7520 | Temple   | Entered the Ecumenical Temple
  7728 | Temple   | Became a worshipper of Vehumet
  7987 | D:7      | Reached skill level 1 in Earth Magic
  8272 | D:7      | Reached skill level 1 in Evocations
  8289 | D:7      | Killed from afar by a white imp

Illustrated notes

Levels and vault maps discovered:
D:1:      eino_arrival_cavern_b, layout_loops_ring, minmay_misc_feat_plants
D:2:      layout_basic, serial_shops, nicolae_shop_statue_plus
D:3:      minmay_chambers_of_threes, layout_loops_ring, gup_sewer_entry_spiral
D:4:      layout_cave_pods, mainiacjoe_overflow_boulevard,
          minmay_strange_pillars
D:5:      layout_cave_pools
D:6:      layout_basic, uniq_duvessa
D:7:      kennysheep_housing_project, layout_cave_pools,
          minmay_temple_entry_hall, serial_demonic, serial_demonic_f,
          serial_demonic_e, serial_demonic_d, serial_demonic_a, minivault_5
Temple:   bh_familiar_temple

Skill      XL: |  1  2  3  4  5  6  7  8 |
---------------+-------------------------+-----
Armour         | 1 2 3 |  3.0
Fighting       | 1 2 3 |  3.2
Short Blades   | 1 2 |  2.0
Throwing       | 1 2 3 |  3.0
Stealth        | 3 |  3.0
Dodging        | 3 4 |  4.0
Spellcasting   | 3 |  3.6
Conjurations   | 5 |  5.3
Earth Magic    | 1 |  1.5
Evocations     | 1 |  1.1

Action                     |  1- 3 |  4- 6 |  7- 9 || total
---------------------------+-------+-------+-------++-------
  Melee: Unarmed           |     5 |       |       ||     5
         Dagger            |     1 |    28 |       ||    29
         Short sword       |       |       |    20 ||    20
  Throw: Dart              |       |     5 |    16 ||    21
   Cast: Magic Dart        |    67 |    79 |    74 ||   220
         Searing Ray       |       |    18 |    33 ||    51
    Use: Scroll            |     1 |     4 |     5 ||    10
         Potion            |       |     3 |     3 ||     6
   Stab: Invisible         |       |       |     2 ||     2
 Armour: Robe              |     2 |     3 |    16 ||    21
  Dodge: Dodged            |     9 |    42 |    59 ||   110

Table legend: (Time is in decaauts)
 A = Elapsed time spent in this place.
 B = Non-inter-level travel time spent in this place.
 C = Inter-level travel time spent in this place.
 D = Time resting spent in this place.
 E = Time spent auto-exploring this place.
 F = Levels seen in this place.
 G = Mean time per level.
                   A        B        C        D        E       F      G
               +--------+--------+--------+--------+--------+-----+--------+
         Total |   8343 |   7802 |    541 |   1286 |   5266 |   9 |  927.0 |
       Dungeon |   7841 |   7304 |    537 |   1205 |   4963 |   7 | 1120.1 |
        Temple |    213 |    209 |      4 |      0 |    191 |   1 |  213.0 |
         Sewer |    288 |    288 |      0 |     81 |    112 |   1 |  288.0 |
               +--------+--------+--------+--------+--------+-----+--------+

Top non-repeatable levels by time:
     D:4: 1754 daAuts
     D:3: 1582 daAuts
     D:2: 1287 daAuts
     D:1: 1230 daAuts
     D:6: 954 daAuts
     D:7: 573 daAuts
     D:5: 457 daAuts
   Sewer: 288 daAuts
  Temple: 213 daAuts
